Match 46153059
Unlisted

Match 46153059
End
Royal Engineer Section
Construct Section Command Post
Dingo Light Scout Car
Vickers Machine Gun Team
Infantry Section
Infantry Section
Construct Platoon Command Post
Construct Field Infirmary
Unlock M3 Stuart Light Tanks
M3 Stuart Light Tank
M3 Stuart Light Tank
M3 Stuart Light Tank
M3 Stuart Light Tank
Selects Heavy Armor Battlegroup
Selects Light Vehicle Withdraw and Refit
Light Vehicle Withdraw and Refit
Infantry Section
Light Vehicle Withdraw and Refit
Infantry Section
Grenade Package
Selects Radio Net
Selects Designate Targets
Selects Rigorous Vehicle Training
Selects Forward Repair Assembly
Construct Company Command Post
Infantry Section
Foot Guards Section
Infantry Training
Unlock M3 Grant Medium Tanks
M3 Grant Medium Tank
Armored Vehicle Training
Designate Targets
M3 Grant Medium Tank
Royal Engineer Section
Designate Targets
Bish Bash Bosh
gicobiwolfe
untergrund weltstar
Guerrilla161
0
0

Comments sign in to comment!

No comments posted yet!